 Dungeon Crawl Stone Soup version 0.16-a0-100-g0188e4c (webtiles) character file.

947 Nordron the Chiller (level 8, -2/42 HPs)
             Began as a Gargoyle Ice Elementalist on Aug 9, 2014.
             Was a Believer of Dithmenos.
             Shot with an arrow by a centaur (4 damage)
             ... on Level 5 of the Dungeon.
             The game lasted 00:53:16 (4270 turns).

Nordron the Chiller (Gargoyle Ice Elementalist)     Turns: 4270, Time: 00:53:16

HP  -2/42        AC 10     Str 13      XL: 8   Next: 13%
MP  29/29        EV 11     Int 17      God: Dithmenos [**....]
Gold 345         SH  0     Dex 10      Spells:  3 memorised, 11 levels left

rFire  . . .     SeeInvis .     C - +4 dagger
rCold  . . .     Clarity  .     k - +0 leather armour
rNeg   + . .     rCorr    .     (no shield)
rPois  +         rRot     +     (no helmet)
rElec  +         Spirit   .     w - +0 cloak
SustAb .         Warding  .     r - +0 pair of gloves
rMut   .         Stasis   .     (no boots)
Gourm  .                        (no amulet)
MR     .....                    x - ring of wizardry
                                d - ring of magical power

@: wreathed by umbra, not resistant to hostile enchantments, unstealthy
A: negative energy resistance 1, electricity resistance, unbreathing,
petrification resistance, rot immunity, AC +5
a: Shadow Step, Renounce Religion


You were on level 5 of the Dungeon.
You worshipped Dithmenos.
Dithmenos was pleased with you.
You were not hungry.

You visited 1 branch of the dungeon, and saw 5 of its levels.

You collected 345 gold pieces.

Inventory:

Hand weapons
 j - a +3 whip of draining
 v - a +3 quarterstaff of chaos
 C - a +4 dagger (weapon)
Armour
 k - a +0 leather armour (worn)
 r - a +0 pair of gloves (worn)
 w - a +0 cloak (worn)
Comestibles
 c - 3 bread rations
 i - 3 meat rations
 z - 3 fruits
 B - a royal jelly
 D - a beef jerky
Scrolls
 a - 5 scrolls of identify
 e - 3 scrolls of enchant weapon
 f - 2 scrolls of remove curse
 g - a scroll of immolation {unknown}
 h - a scroll of magic mapping
 m - a scroll of blinking {unknown}
 n - a scroll of amnesia {unknown}
 o - a scroll of random uselessness
 t - a scroll of enchant armour {unknown}
 u - 5 scrolls of teleportation
 y - a scroll of recharging {unknown}
Jewellery
 d - a ring of magical power (left hand)
 x - a ring of wizardry (right hand)
Potions
 l - a potion of cancellation {unknown}
 p - a potion of brilliance {unknown}
 q - a potion of heal wounds {unknown}
 s - a potion of flight
Books
 b - a book of Frost

   Spells                             Type                      Level
   *Freeze                            Ice                          1
   *Throw Frost                       Conjuration/Ice              2
   Ozocubu's Armour                   Charms/Ice                   3
   Throw Icicle                       Conjuration/Ice              4
   Summon Ice Beast                   Ice/Summoning                4
   *Condensation Shield               Ice                          4
Miscellaneous
 A - a plain deck of changes {drawn: 2}


   Skills:
 + Level 0.4 Fighting
 + Level 0.3 Short Blades
 + Level 0.2 Staves
 + Level 2.1 Armour
 + Level 2.2 Dodging
 + Level 2.1 Stealth
 + Level 5.6 Spellcasting
 + Level 1.9 Conjurations
 + Level 6.6 Ice Magic
 + Level 0.2 Evocations


You had 11 spell levels left.
You knew the following spells:

 Your Spells              Type           Power        Failure   Level  Hunger
a - Freeze                Ice            ####         1%          1    None
b - Throw Frost           Conj/Ice       ###...       1%          2    None
c - Condensation Shield   Ice            ####......   4%          4    ####...


Dungeon Overview and Level Annotations

Branches:
Dungeon (5/15)
 Temple: D:4-7

Altars:
Dithmenos
Fedhas
Kikubaaqudgha
Nemelex Xobeh

Shops:
D:4 =


Innate Abilities, Weirdness & Mutations

You are resistant to torment.
You are immune to poison.
Your stone body is very resilient (AC +5).
You resist negative energy.
You are resistant to electric shocks.
You can survive without breathing.
You are immune to petrification.
You are immune to rotting.


Message History

Your icy shield evaporates.
You start resting.
This spell is slightly dangerous to cast.
Memorise Summon Ice Beast, consuming 4 spell levels and leaving 7?
Okay, then.
The centaur shouts!
The centaur shoots an arrow.
The arrow hits you. The arrow burns you.
* * * LOW HITPOINT WARNING * * *
x2 You see here an arrow.
The centaur shoots an arrow.
The arrow hits you but does no damage.
There is an open door here.
You see here an arrow.
Which direction?
There's something blocking the doorway.
The centaur shoots an arrow.
The arrow hits you.
* * * LOW HITPOINT WARNING * * *
The arrow burns you.
* * * LOW HITPOINT WARNING * * *
x2 The centaur shoots an arrow.
The arrow hits you.
You die...

#...##.##.###.##
#...##.##.###'##
#..............#
#...##.##)###..#
##'###.##.######
#....#.'.....#
#....'.#.....#
#....#.##...################
#....#.####@##..##.#...#.#..
#....#......((.....c.......#
#....#.##.#####.#####.##...#
#...##.##.#####.#####.##...#
#...##.##.....'..,+...'....#
#....#.##.#####.#####'##...'
#....'.##'#####.#####c##...#
#..)##'##.......#.<#..%....#
#...##.##.......'..'..#....#


You could see a centaur.

Vanquished Creatures
  A sky beast (D:5)
  An ice beast (D:5)
  3 ogres (D:4)
  A scorpion (D:4)
  A crimson imp (D:4)
  2 jellies (D:5)
  Crazy Yiuf (D:2)
  A giant frog skeleton (D:4)
  An orc wizard (D:3)
  3 worker ants (D:4)
  A black bear skeleton (D:5)
  A crocodile zombie (D:5)
  4 adders
  A giant mite (D:4)
  4 worms
  2 giant geckos (D:1)
  7 orcs
  3 ball pythons
  11 goblins
  8 hobgoblins
  16 jackals
  12 bats
  2 giant cockroaches
  7 giant newts
  12 kobolds
  A kobold skeleton (D:4)
  An orc skeleton (D:4)
  14 rats
122 creatures vanquished.

Notes
Turn   | Place    | Note
--------------------------------------------------------------
     0 | D:1      | Nordron, the Gargoyle Ice Elementalist, began the quest for the Orb.
     0 | D:1      | Reached XP level 1. HP: 10/10 MP: 3/3
   194 | D:1      | Reached XP level 2. HP: 12/15 MP: 4/4
   809 | D:1      | Reached XP level 3. HP: 19/19 MP: 6/6
  1225 | D:2      | Found a shadowy altar of Dithmenos.
  1277 | D:2      | Became a worshipper of Dithmenos the Shadowed
  1296 | D:2      | Reached XP level 4. HP: 18/24 MP: 8/8
  1338 | D:2      | Reached skill level 4 in Ice Magic
  1620 | D:2      | Noticed Crazy Yiuf
  1627 | D:2      | Killed Crazy Yiuf
  1699 | D:3      | Learned a level 2 spell: Throw Frost
  1913 | D:3      | Reached XP level 5. HP: 23/28 MP: 11/11
  2038 | D:3      | Found a blossoming altar of Fedhas.
  2399 | D:3      | Learned a level 4 spell: Condensation Shield
  2549 | D:4      | Found a sparkling altar of Nemelex Xobeh.
  2753 | D:4      | Found an ancient bone altar of Kikubaaqudgha.
  2835 | D:4      | Noticed an ogre
  2848 | D:4      | Killed an ogre
  2848 | D:4      | Reached skill level 1 in Armour
  2848 | D:4      | Reached skill level 5 in Ice Magic
  2848 | D:4      | Reached XP level 6. HP: 20/32 MP: 4/15
  3200 | D:4      | Found Ibunafico's Jewellery Shop.
  3228 | D:4      | Reached XP level 7. HP: 36/36 MP: 17/17
  3239 | D:4      | Noticed an ogre
  3246 | D:4      | Killed an ogre
  3371 | D:4      | Acquired Dithmenos' first power
  3371 | D:4      | Reached skill level 6 in Ice Magic
  3418 | D:5      | Entered Level 5 of the Dungeon
  3450 | D:5      | Reached skill level 5 in Spellcasting
  3519 | D:5      | Reached XP level 8. HP: 41/41 MP: 6/20
  4270 | D:5      | HP: 2/42 [centaur/arrow (2)]
  4270 | D:5      | Shot with an arrow by a centaur

Action                   |  1- 3 |  4- 6 |  7- 9 || total
-------------------------+-------+-------+-------++-------
Melee: Dagger            |     1 |    13 |    24 ||    38
       Short sword       |     3 |     1 |       ||     4
       Quarterstaff      |       |     7 |       ||     7
       Whip              |       |       |    12 ||    12
 Cast: Freeze            |    68 |    95 |    34 ||   197
       Throw Frost       |       |    25 |    33 ||    58
       Condensation Shie |       |     2 |     6 ||     8
Evoke: Wand              |       |     1 |       ||     1
       Deck              |       |       |     2 ||     2
  Use: Scroll            |     2 |     3 |     3 ||     8
       Potion            |       |       |     4 ||     4
  Eat: Chunk             |     2 |     3 |     2 ||     7
       Bread ration      |       |     1 |     1 ||     2
